 Dungeon Crawl Stone Soup version 0.28.0-47-ge53b351184 (webtiles) character file.

Game seed: 933842924096252495

249 101zpm the Magician (level 6, -5/40 HPs)
             Began as a Djinni Fire Elementalist on May 9, 2022.
             Killed by divine providence
             ... invoked by an orc priest
              (13 damage)
             ... on level 4 of the Dungeon.
             The game lasted 00:04:15 (1803 turns).

101zpm the Magician (Djinni Fire Elementalist)      Turns: 1803, Time: 00:04:16

Health: -5/40      AC:  2    Str:  7    XL:     6   Next: 35%
Gold:   46         EV: 13    Int: 18    God:
                   SH:  0    Dex: 17

rFire   + + .      SeeInvis .   f - +3 rapier of Abuse {vorpal, rPois Dex+3}
rCold   x . .      Faith    .   (no shield)
rNeg    . . .      Spirit   .   a - +0 robe
rPois   ∞          Reflect  .   (no helmet)
rElec   .          Harm     .   (no cloak)
rCorr   .          Rampage  .   (no gloves)
Will    .....                   (boots unavailable)
Stlth   ++........              (no amulet)
HPRegen 0.13/turn               (no ring)
MPRegen 0.00/turn               (no ring)

@: flying
A: sickness immunity, fire resistance 2, cold vulnerability 1, float, innate
caster, HP casting, extra vitality 1
a: no special abilities


You were on level 4 of the Dungeon.
You visited 1 branch of the dungeon, and saw 6 of its levels.

You collected 46 gold pieces.

Inventory:

Hand Weapons
 f - the +3 rapier of Abuse (weapon) {vorpal, rPois Dex+3}
   (You found it on level 4 of the Dungeon)

   It inflicts extra damage upon your enemies.
   Dex:       It affects your dexterity (+3).
   rPois:     It protects you from poison.
Armour
 a - a +0 robe (worn)
Scrolls
 b - 3 scrolls of identify {unknown}
 d - a scroll of blinking {unknown}
 g - a scroll of enchant weapon {unknown}
 h - a scroll of enchant armour {unknown}
Potions
 c - a potion of mutation {unknown}
 e - a potion of curing {unknown}


   Skills:
 + Level 2.6 Dodging
 + Level 2.0 Stealth
 + Level 4.9 Spellcasting


You couldn't memorise any spells.
You knew the following spells:

 Your Spells              Type           Power      Damage    Failure   Level
a - Foxfire               Conj/Fire      88%        2x1d8     1%          1
b - Scorch                Fire           44%        2d7       2%          2
c - Conjure Flame         Conj/Fire      22%        6-21      5%          3
d - Inner Flame           Hex/Fire       22%        N/A       5%          3
e - Flame Wave            Conj/Fire      22%        2d7       19%         4
f - Magic Dart            Conj           88%        1d7       1%          1
g - Blink                 Tloc           44%        N/A       2%          2
Your spell library was empty.

Dungeon Overview and Level Annotations

Branches:
Dungeon (6/15)
 Temple: D:4-7

Altars:

Shops:
D:3 (


Innate Abilities, Weirdness & Mutations

You are immune to sickness and miasma.
You are immune to poison.
Your flesh is very heat resistant. (rF++)
You are vulnerable to cold. (rC-)
You float through the air rather than walking.
You learn spells naturally, not from books.
Your magical power is your life essence.
You have superior vitality. (+4 MHP)


Message History

Okay, then.
Casting: Foxfire (safe; 1% risk of failure)
Confirm with . or Enter, or press ? or * to list all spells.
Aiming: Inner Flame (dangerous; 5% risk of failure)
Press: ? - help, Dir - move target, f - orc priest
Aim: an orc priest, wielding a +0 club and wearing a +0 scale mail (ally target, chance to affect: 78%)
The orc priest barely resists.
Your foxfire dissipates!
You conjure some foxfire!
The foxfire hits the orc priest!
The orc priest is heavily wounded.
The foxfire hits the orc priest but does no damage.
The orc priest is heavily wounded.
The orc priest invokes the aid of Beogh against you.
Beogh smites you!
* * * LOW HITPOINT WARNING * * *
You are too injured to fight recklessly!
Casting: Foxfire (safe; 1% risk of failure)
Confirm with . or Enter, or press ? or * to list all spells.
You don't know that spell.
Casting: Foxfire (safe; 1% risk of failure)
Confirm with . or Enter, or press ? or * to list all spells.
Aiming: Inner Flame (dangerous; 5% risk of failure)
Press: ? - help, Dir - move target, f - orc priest
Aim: an orc priest, wielding a +0 club and wearing a +0 scale mail (heavily wounded, ally target, chance to affect: 78%)
The orc priest is filled with an inner flame.
* * * LOW HITPOINT WARNING * * *
An orc priest comes into view. It is wielding a +0 whip.
The foxfire hits the orc priest.
Flame seeps out of the orc priest.
The orc priest is severely wounded.
The foxfire hits the orc priest but does no damage.
The orc priest is severely wounded.
You are too injured to fight recklessly!
Casting: Foxfire (safe; 1% risk of failure)
Press: ? - help, Q - select action, (/) - cycle Dir - look around, f - activate You conjure some foxfire!
The orc priest shouts!
* * * LOW HITPOINT WARNING * * *
The orc priest invokes the aid of Beogh against you.
Beogh smites you!
You die...

##....o...#.. ....§§§.....
...§)...... #...§§..... #
#.....>.. # ## #...... .
#.§###..§.###############
..§...§§@v#.......#......
....o§#§.v#.#####.#.#####
##.........o§§§...#.#...#.#.#...#
..........###.#.###...#.#.#...#.#
.......o..#...#...#####.#.#####.#
............# #.#†.).)..#.....[.#
.......o.### #.#################
.........######.#
!...?............


You could see 2 orc priests and an orc (ally target).

Vanquished Creatures
  An ogre (D:5)
  An orc priest (D:5)
  An iguana (D:5)
  3 orc wizards
  An adder (D:4)
  A worm (D:4)
  A dart slug (D:3)
  5 orcs
  A giant cockroach (D:4)
  A goblin (D:2)
  2 ball pythons (D:4)
  A kobold (D:3)
  A rat (D:3)
20 creatures vanquished.

Vanquished Creatures (others)
  102 foxfires
102 creatures vanquished.

Grand Total: 122 creatures vanquished

Notes
Turn   | Place    | Note
-------+----------+-------------------------------------------
     0 | D:1      | 101zpm the Djinni Fire Elementalist began the quest for the
                  | Orb.
     0 | D:1      | Reached XP level 1. HP: 15/15 MP: 0/0
   262 | D:3      | Found Cahum's Weapon Boutique.
   549 | D:4      | Noticed an orc wizard
   549 | D:4      | Noticed an orc wizard
   549 | D:4      | Noticed an orc priest
   555 | D:3      | Killed an orc wizard
   556 | D:3      | Reached skill level 3 in Spellcasting
   556 | D:3      | Reached XP level 2. HP: 13/21 MP: 0/0
   556 | D:3      | Reached XP level 3. HP: 16/25 MP: 0/0
   556 | D:3      | Learned a level 1 spell: Magic Dart
   906 | D:4      | Identified the +3 rapier of Abuse {vorpal, rPois Dex+3}
   918 | D:5      | Entered Level 5 of the Dungeon
   918 | D:5      | Noticed an ogre
   922 | D:5      | Killed an ogre
   923 | D:5      | Reached skill level 4 in Spellcasting
   923 | D:5      | Reached XP level 4. HP: 21/31 MP: 0/0
   923 | D:5      | Reached XP level 5. HP: 24/35 MP: 0/0
   923 | D:5      | Learned a level 2 spell: Blink
  1074 | D:6      | Noticed a black bear
  1074 | D:6      | Noticed a necrophage
  1287 | D:5      | Reached XP level 6. HP: 23/40 MP: 0/0
  1803 | D:4      | Killed from afar by an orc priest

Illustrated notes

Levels and vault maps discovered:
D:1:      amcnicky_arrival_blooded_trapdoor, layout_rooms,
          nicolae_figureground_sparkle
D:2:      layout_basic, shapermc_ecumenical_altar_mp_urbaneastern
D:3:      layout_rooms, serial_shops, nicolae_shop_bloodbath_and_beyond
D:4:      layout_rooms, patterned_corridor
D:5:      minmay_bubble_buster, layout_loops_cross, old_standard_altar,
          minmay_temple_entry_nine_rooms, uniq_sigmund
D:6:      layout_layer_cave, st_stairs_13,
          nicolae_concentric_dashed_squares_wild, minmay_misc_feat_chi

Skill      XL: |  1  2  3  4  5 |
---------------+----------------+-----
Spellcasting   | 3 4 |  4.9
Stealth        | 2 |  2.0
Dodging        | |  2.6

Action                   |  1- 3 |  4- 6 || total
-------------------------+-------+-------++-------
 Cast: Foxfire           |    35 |    37 ||    72
       Scorch            |     7 |     2 ||     9
       Inner Flame       |       |    12 ||    12
       Blink             |       |     1 ||     1
Armor: Robe              |     1 |       ||     1
Dodge: Dodged            |     4 |     1 ||     5
